 Dungeon Sprint DCSS version 0.18-a0-1788-g92de1ac (webtiles) character file.

375 Moloch the Zephyrmancer (level 6, -2/32 HPs)
             Began as a Tengu Air Elementalist on Apr 19, 2016.
             Was a Follower of Vehumet.
             Slain by a vampire (9 damage)
             ... in the Dungeon (Sprint IX: "|||||||||||||||||||||||||||||").
             The game lasted 00:03:41 (384 turns).

Moloch the Zephyrmancer (Tengu Air Elementalist)     Turns: 384, Time: 00:03:41

Health: -2/32      AC:  9    Str: 11    XL:     6   Next: 73%
Magic:  2/18       EV: 14    Int: 18    God:    Vehumet [*.....]
Gold:   0          SH:  0    Dex: 14    Spells: 4 memorised, 11 levels left

rFire  . . .     SeeInvis .     u - +2 morningstar (protect)
rCold  . . .     Gourm    .     a - +0 robe
rNeg   . . .     Faith    .     (no shield)
rPois  .         Spirit   .     (helmet restricted)
rElec  .         Dismiss  .     q - +0 cloak
rCorr  .         Reflect  .     p - +0 pair of gloves
SustAt .         Harm     .     (boots unavailable)
MR     .....     NoTele   +     (no amulet)
Stlth  ++........               s - +3 ring of strength
                                r - +2 ring of evasion

@: very slightly contaminated, not resistant to hostile enchantments, unstealthy
A: beak, talons 3, able to fly 1
a: Fly, Renounce Religion


You were in the Dungeon.
You worshipped Vehumet.
Vehumet was aware of your devotion.
You were not hungry.

You visited 1 branch

Inventory:

Hand Weapons
 k - a +0 dagger
 t - a +1 broad axe of freezing
 u - a +2 morningstar of protection (weapon)
 v - a +2 rapier of venom
Armour
 a - a +0 robe (worn)
 p - a +0 pair of gloves (worn)
 q - a +0 cloak (worn)
Magical Staves
 o - an uncursed staff of energy
Jewellery
 r - a +2 ring of evasion (left hand)
 s - a +3 ring of strength (right hand)
Wands
 n - a wand of lightning (7/15)
Scrolls
 i - 2 scrolls of blinking
 l - 3 scrolls of remove curse
 m - 2 scrolls of amnesia
Potions
 d - 4 potions of curing
 e - 2 potions of heal wounds
 f - a potion of haste
 g - 4 potions of magic
 h - a potion of invisibility
Books
 b - a book of Air

   Spells                             Type                      Level
   a - Shock                          Conjuration/Air              1
   b - Swiftness                      Charms/Air                   2
   c - Repel Missiles                 Charms/Air                   2
   d - Static Discharge               Conjuration/Air              3
   e - Lightning Bolt                 Conjuration/Air              5
Comestibles
 c - a bread ration


   Skills:
 - Level 2.1 Dodging
 - Level 2.0 Stealth
 * Level 8.7 Spellcasting
 - Level 1.3 Conjurations
 + Level 13.5 Air Magic


You had 11 spell levels left.
You knew the following spells:

 Your Spells              Type           Power        Failure   Level  Hunger
a - Shock                 Conj/Air       ####         1%          1    None
b - Swiftness             Chrm/Air       ####....     1%          2    None
c - Static Discharge      Conj/Air       ####....     1%          3    None
d - Lightning Bolt        Conj/Air       ####......   14%         5    #####..


Dungeon Overview and Level Annotations

Branches:
Dungeon (1/1)

Altars:
Cheibriados
Dithmenos
Elyvilon
Fedhas
Gozag
Kikubaaqudgha
Makhleb
Nemelex Xobeh
Okawaru
Pakellas
Qazlal
Ru
Sif Muna
Trog
Vehumet
Xom
Yredelemnul
Zin
The Shining One
Beogh
Jiyva
Lugonu


Innate Abilities, Weirdness & Mutations

You have a beak for a mouth.
You have claws for feet.
You can fly.


Message History

You miscast Lightning Bolt.
You are very lightly contaminated with residual magic.
Nothing appears to happen.
The vampire hits you. The vampire bites you!
* * * LOW HITPOINT WARNING * * *
The vampire draws strength from your injuries!
Unknown command.
Unknown command.
Unknown command.
Unknown command.
Casting: Lightning Bolt
Confirm with . or Enter, or press ? or * to list all spells.
Aiming: Shock
Press: ? - help, Shift-Dir - straight line, f/p - vampire
Aim: a vampire The zap hits the vampire.
The vampire is lightly damaged.
The zap hits the black bear.
The black bear is severely wounded.
The vampire hits you!
You die... ▓▓▓▓▓▓▓▓▓▓▓▓▓▓▓▓▓▓▓▓▓▓▓▓▓▓▓▓▓▓▓▓▓ ________________@Vh).)..[..'..... ▓▓▓▓▓▓▓▓▓▓▓▓▓▓▓▓▓▓▓▓▓▓▓▓▓▓▓▓▓▓▓▓▓

You could see a vampire and a black bear.

Vanquished Creatures
  An ice beast (D)
  An orc warrior (D)
  A centaur (D)
  A scorpion (D)
  A wight (D)
  An adder zombie (D)
  A worm (D)
  A bat (D)
  A giant cockroach (D)
  2 jackals (D)
  2 kobolds (D)
  A giant gecko zombie (D)
14 creatures vanquished.

Notes
Turn   | Place    | Note
--------------------------------------------------------------
     0 | D        | Moloch the Tengu Air Elementalist began the quest for the Orb.
     0 | D        | Reached XP level 1. HP: 10/10 MP: 4/4
     5 | D        | Reached skill level 5 in Air Magic
    62 | D        | Noticed a scorpion
    62 | D        | Noticed an ice beast
    62 | D        | Noticed a centaur
    66 | D        | Reached XP level 2. HP: 15/15 MP: 4/7
    73 | D        | Killed a scorpion
    73 | D        | Reached skill level 8 in Air Magic
    73 | D        | Reached XP level 3. HP: 19/19 MP: 0/10
    73 | D        | Reached XP level 4. HP: 24/24 MP: 0/11
    75 | D        | Killed an ice beast
    75 | D        | Reached skill level 10 in Air Magic
    75 | D        | Gained mutation: You can fly. [Tengu growth]
    75 | D        | Reached XP level 5. HP: 28/28 MP: 0/15
    77 | D        | Killed a centaur
    77 | D        | Reached skill level 12 in Air Magic
    77 | D        | Reached XP level 6. HP: 28/32 MP: 1/17
   127 | D        | Learned a level 2 spell: Swiftness
   131 | D        | Learned a level 3 spell: Static Discharge
   137 | D        | Learned a level 5 spell: Lightning Bolt
   192 | D        | Found a glowing silver altar of Zin.
   192 | D        | Found a glowing golden altar of the Shining One.
   192 | D        | Found an ancient bone altar of Kikubaaqudgha.
   192 | D        | Found a basalt altar of Yredelemnul.
   192 | D        | Found a shimmering altar of Xom.
   192 | D        | Found a radiant altar of Vehumet.
   193 | D        | Found an iron altar of Okawaru.
   194 | D        | Found a burning altar of Makhleb.
   195 | D        | Found a deep blue altar of Sif Muna.
   196 | D        | Found a bloodstained altar of Trog.
   197 | D        | Found a sparkling altar of Nemelex Xobeh.
   198 | D        | Found a white marble altar of Elyvilon.
   199 | D        | Found a roughly hewn altar of Beogh.
   200 | D        | Became a worshipper of Vehumet
   201 | D        | Found a viscous altar of Jiyva.
   202 | D        | Found a corrupted altar of Lugonu.
   203 | D        | Found a blossoming altar of Fedhas.
   204 | D        | Found a snail-covered altar of Cheibriados.
   205 | D        | Found a shadowy altar of Dithmenos.
   206 | D        | Found a stormy altar of Qazlal.
   207 | D        | Found an opulent altar of Gozag.
   208 | D        | Found a sacrificial altar of Ru.
   209 | D        | Found an oddly glowing altar of Pakellas.
   262 | D        | Noticed a vampire
   262 | D        | Noticed an orc warrior
   262 | D        | Noticed a black bear
   381 | D        | Killed an orc warrior
   381 | D        | Reached * piety under Vehumet
   381 | D        | Offered knowledge of Freeze by Vehumet.
   381 | D        | Reached skill level 13 in Air Magic
   384 | D        | Slain by a vampire

Vault maps used:
D:        linesprint

Skill      XL: |  1  2  3  4  5  6 |
---------------+-------------------+-----
Air Magic      | 5 8 10 12 13 | 13.5
Spellcasting   | 3 4 6 7 8 |  8.7
Dodging        | |  2.1
Stealth        | |  2.0
Conjurations   | |  1.3

Action                   |  1- 3 |  4- 6 || total
-------------------------+-------+-------++-------
Melee: Unarmed           |     2 |     4 ||     6
       Peck              |     1 |     3 ||     4
       Kick              |     1 |       ||     1
 Cast: Shock             |    10 |     6 ||    16
       Lightning Bolt    |       |     3 ||     3
  Use: Potion            |     1 |     2 ||     3
Armor: Robe              |       |     3 ||     3
Dodge: Dodged            |     3 |    10 ||    13
